 Dungeon Crawl Stone Soup version 0.23.2 (webtiles) character file.

Game seed: 18112538403325343373

61 Leeroy the Conjurer (level 3, -1/26 HPs)
             Began as a Draconian Conjurer on Apr 13, 2019.
             Slain by Terence
             ... wielding a +4 hand axe
              (7 damage)
             ... on level 2 of the Dungeon.
             The game lasted 00:03:23 (938 turns).

Leeroy the Conjurer (Draconian Conjurer)             Turns: 938, Time: 00:03:24

Health: -1/26      AC:  5    Str: 11    XL:     3   Next: 83%
Magic:  6/6        EV: 12    Int: 15    God:
Gold:   44         SH:  0    Dex: 11    Spells: 3/6 levels left

rFire    . . .     SeeInvis .   j - +1 dagger (drain)
rCold    . . .     Gourm    .   (no shield)
rNeg     . . .     Faith    .   (armour unavailable)
rPois    .         Spirit   .   (helmet restricted)
rElec    .         Reflect  .   (no cloak)
rCorr    .         Harm     .   (no gloves)
MR       .....                  (no boots)
Stlth    ++........             (no amulet)
HPRegen  0.08/turn              (no ring)
MPRegen  0.10/turn              (no ring)

@: no status effects
A: unfitting armour, cold-blooded, AC +5
a: no special abilities


You were on level 2 of the Dungeon.
You were not hungry.

You visited 1 branch of the dungeon, and saw 2 of its levels.

You collected 44 gold pieces.

Inventory:

Hand Weapons
 c - a +0 short sword
 j - a +1 dagger of draining (weapon)
Missiles
 e - 48 sling bullets
 g - 54 stones (quivered)
 i - 5 tomahawks
Jewellery
 a - an uncursed amulet of rage {unknown}
Scrolls
 f - a scroll of identify {unknown}
Potions
 h - 2 potions of haste {unknown}
Comestibles
 b - 4 rations
 d - a chunk of flesh


   Skills:
 - Level 0.4 Short Blades
 - Level 1.8 Dodging
 - Level 2.0 Stealth
 - Level 0.1 Unarmed Combat
 - Level 2.1 Spellcasting
 * Level 5.1 Conjurations


You had 3 spell levels left.
You knew the following spells:

 Your Spells              Type           Power        Failure   Level  Hunger
a - Magic Dart            Conj           ###.         2%          1    #......
b - Searing Ray           Conj           ###...       4%          2    ###....

Your spell library contained the following spells:

 Spells                   Type           Power        Failure   Level  Hunger
 Dazzling Spray           Conj/Hex       #.....       22%         3    ###....
 Iskenderun's Mystic Bla  Conj           ###.....     26%         4    #####..
 Force Lance              Conj/Tloc      #.......     58%         4    #####..
 Fulminant Prism          Conj/Hex       #.........   58%         4    #####..


Dungeon Overview and Level Annotations

Branches:
Dungeon (2/15)

Altars:

Annotations:
D:2 Terence


Innate Abilities, Weirdness & Mutations

Your plain brown scales are hard. (AC +5)
You cannot fit into any form of body armour.
You are cold-blooded and may be slowed by cold attacks.


Message History

You kill the rat!
You see here a +0 club.
g - 54 stones (gained 2)
You see here an adder corpse.
Terence the Incautious comes into view.
He is wielding a +4 hand axe.
You see here a stone.
Terence shouts!
Found a bubbling grey potion.
You see here a ration.
Found a gold piece.
You barely miss Terence. Terence hits you with a +4 hand axe.
* * * LOW HITPOINT WARNING * * *
You hit Terence but do no damage. You drain Terence.
Terence is moderately wounded.
Terence hits you with a +4 hand axe.
* * * LOW HITPOINT WARNING * * *
You hit Terence.
Terence is heavily wounded.
Terence hits you with a +4 hand axe!
You die...

##### #...# ##...###
#......#
.###########....[.######
........)...†(%.@@......
#########..).........!$.
#.#########..... #.#..
#### #.#.# #.#.# ##
#.#.# .. #.#.### #.
#.#...#


You could see Terence.

Vanquished Creatures
  2 adders (D:2)
  An ooze (D:1)
  2 dart slugs (D:1)
  A leopard gecko (D:2)
  A ball python (D:1)
  8 bats (D:1)
  A giant cockroach (D:1)
  2 hobgoblins (D:1)
  5 kobolds
  3 frilled lizards (D:1)
  6 goblins (D:1)
  6 rats
38 creatures vanquished.

Notes
Turn   | Place    | Note
-------+----------+-------------------------------------------
     0 | D:1      | Leeroy the Draconian Conjurer began the quest for the Orb.
     0 | D:1      | Reached XP level 1. HP: 14/14 MP: 3/3
   146 | D:1      | Reached XP level 2. HP: 14/20 MP: 3/5
   150 | D:1      | Learned a level 2 spell: Searing Ray
   378 | D:1      | Reached XP level 3. HP: 14/26 MP: 3/6
   869 | D:2      | Reached skill level 5 in Conjurations
   932 | D:2      | Noticed Terence
   938 | D:2      | Slain by Terence

Skill      XL: |  1  2  3 |
---------------+----------+-----
Stealth        | 2 |  2.0
Conjurations   | 5 |  5.1
Short Blades   | |  0.4
Dodging        | |  1.8
Unarmed Combat | |  0.1
Spellcasting   | |  2.1

Action                   || total
-------------------------++-------
Melee: Unarmed           ||     9
       Tailslap          ||     6
       Short sword       ||    43
       Dagger            ||    33
 Cast: Magic Dart        ||    24
       Searing Ray       ||     2
  Use: Scroll            ||     1
 Stab: Sleeping          ||     2
  Eat: Chunk             ||     1
Armor: Skin              ||    40
Dodge: Dodged            ||    64
